BSA
AUSTIN RIVER SHARKS @ BOSTON REBELS
04/29/2028
 
TOP OF THE 1ST
Austin River Sharks batting - Pitching for Boston Rebels : RHP José Crus
Pitching: RHP José Crus
Batting: LHB Enrico Vargas 0-0: Ball
1-0: Ground out 4-3 (Groundball, 4)
Batting: RHB Richard Coker 0-0: Called Strike
0-1: Ground out 4-3 (Groundball, 4)
Batting: LHB Greg Nelson 0-0: Swinging Strike
0-1: Ball
1-1: Foul Ball, location: 2F
1-2: Foul Ball, location: 2F
1-2: Fly out, F8 (Flyball, 8LD)
Top of the 1st over - 0 run(s), 0 hit(s), 0 error(s), 0 left on base; Austin 0 - Boston 0
BOTTOM OF THE 1ST
Boston Rebels batting - Pitching for Austin River Sharks : RHP Hiroshige Yamada
Pitching: RHP Hiroshige Yamada
Batting: RHB George Reeves 0-0: Fly out, F9 (Flyball, 9S)
Batting: LHB Bill Wilson 0-0: Ball
1-0: Ball
2-0: Foul Ball, location: 2F
2-1: Called Strike
2-2: Foul Ball, location: 2F
2-2: Ball
3-2: Reached on error, E3 (Groundball, 34)
Batting: LHB Lorenzo Flores 0-0: Ball
1-0: Called Strike
1-1: Swinging Strike
1-2: Foul Ball, location: 2F
1-2: Strikes out looking
Batting: LHB Miguel Rivería 0-0: Ball
1-0: Ball
2-0: Fly out, F2 (Popup, 3S)
Bottom of the 1st over - 0 run(s), 0 hit(s), 1 error(s), 1 left on base; Austin 0 - Boston 0
TOP OF THE 2ND
Austin River Sharks batting - Pitching for Boston Rebels : RHP José Crus
Batting: RHB Manny Copriviza 0-0: Ball
1-0: Swinging Strike
1-1: Foul Ball, location: 2F
1-2: Ball
2-2: Strikes out looking
Batting: RHB Carlos Guzmán 0-0: Ball
1-0: Ball
2-0: Ball
3-0: Fly out, F8 (Line Drive, 8LM)
Batting: RHB Todd Bryant 0-0: Ball
1-0: SINGLE (Line Drive, 3S)
Batting: LHB José Liñares 0-0: Ball
1-0: Fielders Choice at 2nd, 6-4 (Groundball, 6D)
Top of the 2nd over - 0 run(s), 1 hit(s), 0 error(s), 0 left on base; Austin 0 - Boston 0
BOTTOM OF THE 2ND
Boston Rebels batting - Pitching for Austin River Sharks : RHP Hiroshige Yamada
Batting: RHB John Mendelson 0-0: Ball
1-0: Called Strike
1-1: Ball
2-1: Foul Ball, location: 2F
2-2: SOLO HOME RUN (Flyball, 7LD), Distance : 373 ft
Batting: LHB Felipe Guerrero 0-0: Ball
1-0: Called Strike
1-1: Foul Ball, location: 2F
1-2: Ball
2-2: Fly out, F5 (Popup, 56)
Batting: LHB Sixto Cortés 0-0: Foul Ball, location: 2F
0-1: Ball
1-1: Foul Ball, location: 2F
1-2: SINGLE (Groundball, 34D)
Batting: RHB Alberto Ramos 0-0: SINGLE (Groundball, 34D)
Sixto Cortés to second
Runner from 2nd tries for 3rd, SAFE, throw made to third
Batting: RHB Aaron Washington 0-0: Ball
1-0: Fly out, F7 (Flyball, 7S)
Batting: RHB George Reeves 0-0: Called Strike
0-1: Ball
1-1: Foul Ball, location: 2F
1-2: Ball
2-2: Strikes out swinging
Bottom of the 2nd over - 1 run(s), 3 hit(s), 0 error(s), 2 left on base; Austin 0 - Boston 1
TOP OF THE 3RD
Austin River Sharks batting - Pitching for Boston Rebels : RHP José Crus
Batting: RHB Eric Neal 0-0: Foul Ball, location: 2F
0-1: Ball
1-1: Called Strike
1-2: Strikes out swinging
Batting: RHB Teddy Bates 0-0: Called Strike
0-1: Called Strike
0-2: Foul Ball, location: 2F
0-2: Ball
1-2: Foul Ball, location: 2F
1-2: Strikes out swinging
Batting: LHB Enrico Vargas 0-0: DOUBLE (Groundball, 3L)
Batting: RHB Richard Coker 0-0: Called Strike
0-1: Foul Ball, location: 2F
0-2: Ball
1-2: Ball
2-2: DOUBLE (Line Drive, 9LM)
Enrico Vargas scores
Batting: LHB Greg Nelson 0-0: Ball
1-0: Ball
2-0: Foul Ball, location: 2F
2-1: Foul Ball, location: 2F
2-2: Fly out, F9 (Flyball, 9)
Top of the 3rd over - 1 run(s), 2 hit(s), 0 error(s), 1 left on base; Austin 1 - Boston 1
BOTTOM OF THE 3RD
Boston Rebels batting - Pitching for Austin River Sharks : RHP Hiroshige Yamada
Batting: LHB Bill Wilson 0-0: Bunt for hit - play at first, batter OUT! 5-3
Batting: LHB Lorenzo Flores 0-0: Ball
1-0: Ball
2-0: Ball
3-0: Called Strike
3-1: Called Strike
3-2: SINGLE (Line Drive, 9LS)
Batting: LHB Miguel Rivería 0-0: Ball
1-0: Grounds into double play, 4-6-3 (Groundball, 34)
Bottom of the 3rd over - 0 run(s), 1 hit(s), 0 error(s), 0 left on base; Austin 1 - Boston 1
TOP OF THE 4TH
Austin River Sharks batting - Pitching for Boston Rebels : RHP José Crus
Batting: RHB Manny Copriviza 0-0: Foul Ball, location: 2F
0-1: Ball
1-1: Ball
2-1: Foul Ball, location: 2F
2-2: Strikes out looking
Batting: RHB Carlos Guzmán 0-0: Ball
1-0: Ground out 6-3 (Groundball, 6)
Batting: RHB Todd Bryant 0-0: Ball
1-0: Fly out, F6 (Popup, 56)
Top of the 4th over - 0 run(s), 0 hit(s), 0 error(s), 0 left on base; Austin 1 - Boston 1
BOTTOM OF THE 4TH
Boston Rebels batting - Pitching for Austin River Sharks : RHP Hiroshige Yamada
Batting: RHB John Mendelson 0-0: Ball
1-0: Called Strike
1-1: Fly out, F8 (Flyball, 8LM)
Batting: LHB Felipe Guerrero 0-0: Ball
1-0: Ball
2-0: Ball
3-0: Called Strike
3-1: Foul Ball, location: 2F
3-2: Ground out 6-3 (Groundball, 6)
Batting: LHB Sixto Cortés 0-0: Swinging Strike
0-1: Foul Ball, location: 2F
0-2: Ball
1-2: Ball
2-2: Foul Ball, location: 2F
2-2: SINGLE (Groundball, 4MD)
Batting: RHB Alberto Ramos 0-0: Called Strike
0-1: Ball
1-1: SINGLE (Line Drive, 34D)
Sixto Cortés to second
Batting: RHB Aaron Washington 0-0: Ball
1-0: DOUBLE (Flyball, 89XD)
Sixto Cortés scores
Alberto Ramos to third
Runner from 3rd tries for Home, SAFE, no throw
Batting: RHB George Reeves 0-0: Ball
1-0: Ground out 5-3 (Groundball, 56S)
Bottom of the 4th over - 2 run(s), 3 hit(s), 0 error(s), 1 left on base; Austin 1 - Boston 3
TOP OF THE 5TH
Austin River Sharks batting - Pitching for Boston Rebels : RHP José Crus
Batting: LHB José Liñares 0-0: Ball
1-0: SINGLE (Groundball, 6D)
Batting: RHB Eric Neal 0-0: Fielders Choice at 2nd, 6-4 (Groundball, 6)
Batting: RHB Teddy Bates 0-0: Ball
1-0: Called Strike
1-1: Swinging Strike
1-2: Ball
2-2: Strikes out swinging
Batting: LHB Enrico Vargas 0-0: Ball
1-0: Ball
2-0: Called Strike
2-1: Foul Ball, location: 2F
2-2: Ball
3-2: Ground out 4-3 (Groundball, 34)
Top of the 5th over - 0 run(s), 1 hit(s), 0 error(s), 1 left on base; Austin 1 - Boston 3
BOTTOM OF THE 5TH
Boston Rebels batting - Pitching for Austin River Sharks : RHP Hiroshige Yamada
Batting: LHB Bill Wilson 0-0: Called Strike
0-1: Foul Ball, location: 2F
0-2: Ball
1-2: Ball
2-2: SINGLE (Flyball, 89S)
Batting: LHB Lorenzo Flores 0-0: Called Strike
0-1: Fly out, F9 (Flyball, 9S)
Batting: LHB Miguel Rivería 0-0: Ground out 4-3 (Groundball, 34)
Bill Wilson to second
Batting: RHB John Mendelson 0-0: Fly out, F4 (Popup, 4D)
Bottom of the 5th over - 0 run(s), 1 hit(s), 0 error(s), 1 left on base; Austin 1 - Boston 3
TOP OF THE 6TH
Austin River Sharks batting - Pitching for Boston Rebels : RHP José Crus
Batting: RHB Richard Coker 0-0: SINGLE (Groundball, 34D)
Batting: LHB Greg Nelson 0-0: Foul Ball, location: 2F
0-1: Foul Ball, location: 2F
0-2: Strikes out looking
Batting: RHB Manny Copriviza 0-0: Ball
1-0: Ball
2-0: Called Strike
2-1: Foul Ball, location: 2F
2-2: Strikes out swinging
Batting: RHB Carlos Guzmán 0-0: 2-RUN HOME RUN (Flyball, 7D), Distance : 384 ft
Batting: RHB Todd Bryant 0-0: Called Strike
0-1: Called Strike
0-2: Ball
1-2: Strikes out swinging
Top of the 6th over - 2 run(s), 2 hit(s), 0 error(s), 0 left on base; Austin 3 - Boston 3
BOTTOM OF THE 6TH
Boston Rebels batting - Pitching for Austin River Sharks : RHP Hiroshige Yamada
Batting: LHB Felipe Guerrero 0-0: Ball
1-0: Called Strike
1-1: Ball
2-1: Called Strike
2-2: Ball
3-2: Ground out 6-3 (Groundball, 6)
Batting: LHB Sixto Cortés 0-0: Called Strike
0-1: Ground out 3-1 (Groundball, 34)
Batting: RHB Alberto Ramos 0-0: SINGLE (Flyball, 9LM)
Batting: RHB Aaron Washington 0-0: Foul Ball, location: 2F
0-1: Foul Ball, location: 2F
0-2: Foul Ball, location: 2F
0-2: Fly out, F8 (Flyball, 8LM)
Bottom of the 6th over - 0 run(s), 1 hit(s), 0 error(s), 1 left on base; Austin 3 - Boston 3
TOP OF THE 7TH
Austin River Sharks batting - Pitching for Boston Rebels : RHP José Crus
Batting: LHB José Liñares 0-0: Swinging Strike
0-1: Ball
1-1: Ball
2-1: Ground out 6-3 (Groundball, 6)
Pinch Hitting: LHB Harry Pitts 0-0: Ball
1-0: Called Strike
1-1: DOUBLE (Line Drive, 7D)
Batting: RHB Teddy Bates 0-0: Ball
1-0: Foul Ball, location: 2F
1-1: Called Strike
1-2: Ball
2-2: Ground out 5-3 (Groundball, 56)
Batting: LHB Enrico Vargas 0-0: Called Strike
0-1: DOUBLE (Line Drive, 89D)
Harry Pitts scores
Batting: RHB Richard Coker 0-0: Ball
1-0: Foul Ball, location: 2F
1-1: SINGLE (Line Drive, 6MD)
Enrico Vargas to third
Runner from 3rd tries for Home, SAFE, no throw
Batting: LHB Greg Nelson 0-0: Ball
1-0: Fly out, F9 (Flyball, 9)
Top of the 7th over - 2 run(s), 3 hit(s), 0 error(s), 1 left on base; Austin 5 - Boston 3
BOTTOM OF THE 7TH
Boston Rebels batting - Pitching for Austin River Sharks : RHP Hiroshige Yamada
Now at 2B: Ryan Cates
Batting: RHB George Reeves 0-0: Ball
1-0: Called Strike
1-1: Ground out 1-3 (Groundball, P)
Batting: LHB Bill Wilson 0-0: Called Strike
0-1: Swinging Strike
0-2: Ball
1-2: SINGLE (Flyball, 8RS)
Batting: LHB Lorenzo Flores 0-0: Fly out, F8 (Flyball, 8LD)
Batting: LHB Miguel Rivería 0-0: Called Strike
0-1: Ball
1-1: SINGLE (Flyball, 9S)
Bill Wilson to second
Runner from 2nd tries for 3rd, SAFE, throw made to third
Batting: RHB John Mendelson 0-0: DOUBLE (Line Drive, 78XD)
Bill Wilson scores
Miguel Rivería to third
Runner from 3rd tries for Home, SAFE, no throw
Pitching: RHP Josh Graham
Batting: LHB Felipe Guerrero 0-0: Fly out, F5 (Line Drive, 5S)
Bottom of the 7th over - 2 run(s), 3 hit(s), 0 error(s), 1 left on base; Austin 5 - Boston 5
TOP OF THE 8TH
Austin River Sharks batting - Pitching for Boston Rebels : RHP José Crus
Batting: RHB Manny Copriviza 0-0: Ball
1-0: Ball
2-0: Called Strike
2-1: Ball
3-1: Fly out, F9 (Flyball, 9D)
Batting: RHB Carlos Guzmán 0-0: Ball
1-0: Ball
2-0: Called Strike
2-1: Foul Ball, location: 2F
2-2: Strikes out swinging
Batting: RHB Todd Bryant 0-0: Ball
1-0: SINGLE (Line Drive, 56)
Pitching: RHP Ki-tong Shiu
Batting: LHB José Liñares 0-0: Ball
1-0: Fly out, F6 (Line Drive, 6)
Top of the 8th over - 0 run(s), 1 hit(s), 0 error(s), 1 left on base; Austin 5 - Boston 5
BOTTOM OF THE 8TH
Boston Rebels batting - Pitching for Austin River Sharks : RHP Josh Graham
Pitching: LHP António Bueno
Batting: LHB Sixto Cortés 0-0: Ball
1-0: Foul Ball, location: 2F
1-1: Ball
2-1: Swinging Strike
2-2: Strikes out looking
Pitching: RHP José Salinas
Pinch Hitting: LHB Frank Jackson 0-0: Ball
1-0: Ball
2-0: Foul Ball, location: 2F
2-1: Foul Ball, location: 2F
2-2: Ground out 5-3 (Groundball, 56)
Batting: RHB Aaron Washington 0-0: Ground out 6-3 (Groundball, 6)
Bottom of the 8th over - 0 run(s), 0 hit(s), 0 error(s), 0 left on base; Austin 5 - Boston 5
TOP OF THE 9TH
Austin River Sharks batting - Pitching for Boston Rebels : RHP Ki-tong Shiu
Pitching: RHP Tony Rocha
Now at 3B: Ángel Garza
Batting: RHB Ryan Cates 0-0: Called Strike
0-1: Ball
1-1: Called Strike
1-2: Strikes out swinging
Pinch Hitting: RHB Dexter Potter 0-0: Called Strike
0-1: Ball
1-1: Swinging Strike
1-2: Strikes out looking
Batting: LHB Enrico Vargas 0-0: Foul Ball, location: 2F
0-1: Ball
1-1: DOUBLE (Flyball, 8RXD)
Batting: RHB Richard Coker 0-0: Ball
1-0: Called Strike
1-1: Ball
2-1: Called Strike
2-2: Strikes out looking
Top of the 9th over - 0 run(s), 1 hit(s), 0 error(s), 1 left on base; Austin 5 - Boston 5
BOTTOM OF THE 9TH
Boston Rebels batting - Pitching for Austin River Sharks : RHP José Salinas
Now at C: Dexter Potter
Batting: RHB George Reeves 0-0: Ground out 6-3 (Groundball, 6)
Batting: LHB Bill Wilson 0-0: Ball
1-0: Called Strike
1-1: SINGLE (Groundball, 34D)
Batting: LHB Lorenzo Flores 0-0: Called Strike
0-1: Ground out 4-3 (Groundball, 34D)
Bill Wilson to second
Batting: LHB Miguel Rivería 0-0: Ball
1-0: Ball
2-0: Foul Ball, location: 2F
2-1: Swinging Strike
2-2: Ball
3-2: Strikes out swinging
Bottom of the 9th over - 0 run(s), 1 hit(s), 0 error(s), 1 left on base; Austin 5 - Boston 5
TOP OF THE 10TH
Austin River Sharks batting - Pitching for Boston Rebels : RHP Tony Rocha
Batting: LHB Greg Nelson 0-0: Called Strike
0-1: SINGLE (Line Drive, 6)
Batting: RHB Manny Copriviza 0-0: Called Strike
0-1: Ball
1-1: Ball
2-1: Ball
3-1: Base on Balls
Greg Nelson to second
Batting: RHB Carlos Guzmán 0-0: Ball
1-0: Called Strike
1-1: Grounds into double play, 6-4-3 (Groundball, 6)
Greg Nelson to third
Batting: RHB Todd Bryant 0-0: Called Strike
0-1: Foul Ball, location: 2F
0-2: Ball
1-2: Ball
2-2: Foul Ball, location: 2F
2-2: Strikes out swinging
Top of the 10th over - 0 run(s), 1 hit(s), 0 error(s), 1 left on base; Austin 5 - Boston 5
BOTTOM OF THE 10TH
Boston Rebels batting - Pitching for Austin River Sharks : RHP José Salinas
Batting: RHB John Mendelson 0-0: Ball
1-0: Ball
2-0: Foul Ball, location: 2F
2-1: Foul Ball, location: 2F
2-2: SINGLE (Groundball, 3D)
Batting: LHB Felipe Guerrero 0-0: Sac Bunt - play at first, batter OUT! 1-4
John Mendelson to second
Pinch Hitting: LHB Sergio Barrón 0-0: Intentional Walk
Batting: RHB Ángel Garza 0-0: Ball
1-0: Called Strike
1-1: Ball
2-1: Called Strike
2-2: Fly out, F8 (Line Drive, 8LD)
Runner from 2nd tags up, SAFE at 3rd, no throw
Pitching: RHP Jean Burrows
Batting: RHB Aaron Washington 0-0: Called Strike
0-1: Swinging Strike
0-2: Fly out, F3 (Popup, 3S)
Bottom of the 10th over - 0 run(s), 1 hit(s), 0 error(s), 2 left on base; Austin 5 - Boston 5
TOP OF THE 11TH
Austin River Sharks batting - Pitching for Boston Rebels : RHP Tony Rocha
Pitching: RHP Fernando Silva
Now at C: Arturo Molina
Batting: LHB José Liñares 0-0: Called Strike
0-1: Ball
1-1: Ball
2-1: Ball
3-1: Swinging Strike
3-2: SINGLE (Flyball, 89S)
Batting: RHB Ryan Cates 0-0: Ball
1-0: Foul Ball, location: 2F
1-1: Called Strike
José Liñares is caught stealing 2nd base
1-2: DOUBLE (Line Drive, 89D)
Batting: RHB Dexter Potter 0-0: Ball
1-0: Ball
2-0: DOUBLE (Line Drive, 7LM)
Ryan Cates scores
Batting: LHB Enrico Vargas 0-0: Ball
1-0: Ground out 4-3 (Groundball, 4)
Dexter Potter to third
Batting: RHB Richard Coker 0-0: Ball
1-0: Called Strike
1-1: Called Strike
1-2: Ball
2-2: Foul Ball, location: 2F
2-2: Strikes out looking
Top of the 11th over - 1 run(s), 3 hit(s), 0 error(s), 1 left on base; Austin 6 - Boston 5
BOTTOM OF THE 11TH
Boston Rebels batting - Pitching for Austin River Sharks : RHP Jean Burrows
Batting: RHB George Reeves 0-0: Fly out, F7 (Flyball, 78M)
Batting: LHB Bill Wilson 0-0: Called Strike
0-1: Ball
1-1: Ball
2-1: Ball
3-1: Base on Balls
Batting: LHB Lorenzo Flores 0-0: Called Strike
0-1: Swinging Strike
0-2: Ball
1-2: Ball
2-2: Foul Ball, location: 2F
2-2: Hit by Pitch
Bill Wilson to second
Batting: LHB Miguel Rivería 0-0: Called Strike
0-1: Ball
1-1: Ball
2-1: Called Strike
2-2: Ball
3-2: Base on Balls
Bill Wilson to third
Lorenzo Flores to second
Batting: RHB John Mendelson 0-0: Ball
1-0: Fly out, F9 (Flyball, 9S)
Batting: LHB Felipe Guerrero 0-0: Ball
1-0: Swinging Strike
1-1: Ball
2-1: Foul Ball, location: 2F
2-2: Ball
3-2: Fly out, F5 (Popup, 5D)
Bottom of the 11th over - 0 run(s), 0 hit(s), 0 error(s), 3 left on base; Austin 6 - Boston 5
Tuesday, August 8th, 2017 - OOTP Baseball 17.12 Build 75